 Dungeon Crawl Stone Soup version 0.29-a0-542-g075992c915 (webtiles) character file.

Game seed: 9924099489706906759

53339 Bruhh the Black Sun (level 14, -1/149 HPs)
             Began as an Ogre Necromancer on June 4, 2022.
             Was a High Priest of Kikubaaqudgha.
             Slain by a skeletal warrior
             ... wielding a +0 scimitar
              (13 damage)
             ... on level 12 of the Dungeon.
             The game lasted 00:52:05 (29418 turns).

Bruhh the Black Sun (Ogre Necromancer)             Turns: 29418, Time: 00:52:06

Health: -1/149     AC:  7    Str: 19    XL:     14   Next: 68%
Magic:  27/27      EV:  9    Int: 20    God:    Kikubaaqudgha [*****.]
Gold:   1332       SH: 14    Dex:  9    Spells: 7/31 levels left

rFire   . . .      SeeInvis .   U - +2 demon whip (venom)
rCold   . . .      Faith    .   M - +0 kite shield
rNeg    . . .      Spirit   .   E - +0 steam dragon scales
rPois   .          Reflect  .   (helmet restricted)
rElec   .          Harm     .   (no cloak)
rCorr   .          Rampage  .   (gloves unavailable)
Will    ++...                   (boots unavailable)
Stlth   +.........              J - amulet "Zehuroitoh" {RegenMP Will+}
HPRegen 0.34/turn               i - +4 ring of slaying
MPRegen 0.60/turn               O - +6 ring of strength

@: death channelling
A: large, unfitting armour, tough skin 1, large bone plates 1, weak 1
a: Renounce Religion, Unearth Wretches, Torment


You were on level 12 of the Dungeon.
You worshipped Kikubaaqudgha.
Kikubaaqudgha was extremely pleased with you.
You visited 2 branches of the dungeon, and saw 18 of its levels.

You collected 1332 gold pieces.

Inventory:

Hand Weapons
 K - the +5 mace "Waim" {flame, rElec rN+ Dex+4}
   (You found it on level 7 of the Dungeon)

   It burns those it strikes, dealing additional fire damage.
   Dex:       It affects your dexterity (+4).
   rElec:     It insulates you from electricity.
   rN:        It protects you from negative energy.
 U - a +2 demon whip of venom (weapon)
Missiles
 y - 2 throwing nets
Armour
 a - +0 fire dragon scales
 E - +0 steam dragon scales (worn)
 M - a +0 kite shield (worn)
Jewellery
 b - a ring of wizardry
 i - a +4 ring of slaying (left hand)
 n - an amulet of faith
 o - a ring of resist corrosion
 u - a ring of protection from fire
 A - a ring of protection from cold
 J - the amulet "Zehuroitoh" (around neck) {RegenMP Will+}
   (You found it on level 7 of the Dungeon)

   [amulet of magic regeneration]

   It increases your rate of magic regeneration.
   Will:      It increases your willpower.
 O - a +6 ring of strength (right hand)
 R - a +4 ring of evasion
 X - a ring of protection from fire
Wands
 x - a wand of charming (5)
 C - a wand of digging (4)
 F - a wand of mindburst (13)
 H - a wand of flame (12)
 W - a wand of iceblast (10)
 Y - a wand of paralysis (5)
Scrolls
 d - a scroll of blinking
 f - 4 scrolls of identify
 h - 3 scrolls of enchant armour
 j - 2 scrolls of magic mapping
 k - 4 scrolls of noise
 m - 2 scrolls of amnesia
 p - 5 scrolls of fog
 r - 3 scrolls of fear
 t - 4 scrolls of poison
 G - 4 scrolls of enchant weapon
 L - 2 scrolls of immolation
 P - 2 scrolls of vulnerability
 S - a scroll of summoning
 T - 5 scrolls of teleportation
 Z - a scroll of silence
Potions
 c - 5 potions of flight
 e - 4 potions of haste
 g - 4 potions of mutation
 l - 3 potions of might
 s - a potion of ambrosia
 v - 2 potions of brilliance
 w - 6 potions of attraction
 I - a potion of berserk rage
 N - 4 potions of cancellation
 Q - 2 potions of resistance


   Skills:
 - Level 12.0 Fighting
 - Level 10.0 Maces & Flails
 + Level 4.6 Armour
 - Level 1.7 Dodging
 - Level 1.4 Stealth
 - Level 12.0 Shields
 - Level 9.0 Spellcasting
 - Level 13.5 Necromancy
 - Level 4.0 Earth Magic


You had 7 spell levels left.
You knew the following spells:

 Your Spells              Type           Power      Damage    Failure   Level
a - Necrotize             Necr           100%       1d9       1%          1
b - Vampiric Draining     Necr           58%        2d10      1%          3
c - Animate Dead          Necr           58%        N/A       1%          4
d - Agony                 Necr           58%        N/A       1%          5
e - Death Channel         Necr           29%        N/A       8%          6
f - Borgnjor's Vile Clut  Necr/Erth      22%        N/A       10%         5

Your spell library contained the following spells:

 Spells                   Type           Power      Damage    Failure   Level
 Sublimation of Blood     Necr           58%        N/A       1%          2
 Dispel Undead            Necr           58%        3d21      1%          4
 Passwall                 Tmut/Erth      14%        N/A       9%          2
 Ensorcelled Hibernation  Hex/Ice        18%        N/A       21%         2
 Static Discharge         Conj/Air       9%         N/A       21%         2
 Corpse Rot               Necr/Pois/Air  27%        N/A       21%         4
 Conjure Flame            Conj/Fire      9%         6-21      36%         3
 Gell's Gravitas          Tloc           9%         N/A       36%         3
 Ignite Poison            Fire/Tmut/Pois 9%         N/A       36%         3
 Swiftness                Air            9%         N/A       36%         3
 Teleport Other           Tloc           9%         N/A       36%         3
 Passage of Golubria      Tloc           9%         N/A       78%         4
 Sticky Flame             Conj/Fire      9%         2d3       78%         4
 Summon Ice Beast         Ice/Summ       9%         N/A       78%         4
 Lightning Bolt           Conj/Air       4%         1d16      98%         5
 Silence                  Hex/Air        4%         N/A       98%         5
 Summon Mana Viper        Hex/Summ       9%         N/A       98%         5
 Dispersal                Tloc           4%         N/A       100%        6
 Monstrous Menagerie      Summ           4%         N/A       100%        7
 Lehudib's Crystal Spear  Conj/Erth      8%         10d4      100%        8
 Maxwell's Capacitive Co  Air            4%         ∞         100%        8


Dungeon Overview and Level Annotations

Branches:
Dungeon (12/15)            Temple (0/1) D:5            Lair (6/6) D:8
 Shoals (0/4) Lair:3       Spider (0/4) Lair:2        Slime (0/5) Lair:6
    Orc (0/2) D:11

Altars:
Dithmenos
Fedhas
Gozag
Hepliaklqana
Kikubaaqudgha
Okawaru
Qazlal
Ru
Sif Muna
Yredelemnul
Zin
The Shining One

Shops:
D:1 !   D:3 =   D:6 *   D:11 [

Annotations:
D:5 2 transporters, Sat's ghost, amateur DsGl
Lair:2 exclusion: 2 oklob plants


Innate Abilities, Weirdness & Mutations

You are too large for most types of armour.
You have tough skin. (AC +1)
You are partially covered in large bone plates. (SH +4)
You are weak. (Str -2)


Message History

A skeletal warrior comes into view. It is wielding a +0 scimitar.
You hit the skeletal warrior but do no damage.
The skeletal warrior is heavily damaged.
You swap places.
The skeletal warrior attacks as you move away!
The skeletal warrior barely misses you.
The gnoll barely misses your manticore zombie.
The skeletal warrior hits your manticore zombie with a +4 long sword!
The gnoll hits your manticore zombie with a +0 club.
The skeletal warrior hits your manticore zombie with a +4 long sword!
Your manticore zombie bites the skeletal warrior!
Your manticore zombie claws the skeletal warrior but does no damage. x2
The gnoll hits your manticore zombie with a +0 club.
The skeletal warrior hits your manticore zombie with a +4 long sword!
Your manticore zombie bites the gnoll.
Your manticore zombie claws the gnoll.
Your manticore zombie claws the gnoll!
The gnoll dies!
Kikubaaqudgha accepts your kill.
A glowing mist starts to gather...
The skeletal warrior hits your manticore zombie with a +4 long sword!
Your manticore zombie is destroyed!
Your spectral gnoll hits the skeletal warrior.
Unknown command.
The skeletal warrior completely misses your spectral gnoll.
Your spectral gnoll hits the skeletal warrior but does no damage.
The skeletal warrior hits your spectral gnoll with a +4 long sword!!
Your spectral gnoll is destroyed!
You closely miss the skeletal warrior.
Unknown command.
A skeletal warrior comes into view. It is wielding a +0 broad axe.
The skeletal warrior hits you with a +4 long sword!!
* * * LOW HITPOINT WARNING * * *
You block the skeletal warrior's attack.
You whack the skeletal warrior!
The skeletal warrior is almost destroyed.
The skeletal warrior hits you with a +4 long sword!!
* * * LOW HITPOINT WARNING * * *
The skeletal warrior hits you with a +0 scimitar!
You die...
Kikubaaqudgha rasps: "You have failed me!
Welcome... death!"

..###..##.###.. ##.
..####.##...##. ..###
..........##.... ..#.
########...####. ###...
##....... ...!. ###.##..
... #..###.
..####.############.####.
..z....z@...........# #..
.......)#z...######## #.#
.......#####..#### ##..
......# ##....# #...
.##### ####.# #... #.#
#... #.# #... #.#####..#
#.........


You could see 3 skeletal warriors.

Vanquished Creatures
  Snorg (D:10)
  A fire dragon (Lair:6)
  A boulder beetle (D:12)
  4 hydras
  A catoblepas (D:12)
  6 death yaks
  Amaemon (Lair:2)
  A deep elf pyromancer (D:12)
  A merfolk siren (Lair:3)
  A manticore (D:12)
  5 elephants (Lair:5)
  Maurice (D:10)
  5 black mambas
  6 cane toads
  2 rime drakes
  A gargoyle (D:10)
  Maggie (D:6)
  A torpor snail (Lair:3)
  An unseen horror (D:12)
  11 komodo dragons
  A troll (D:10)
  A meliai (Lair:2)
  A polar bear (Lair:4)
  11 blink frogs
  4 dream sheep (Lair:3)
  A shadow (D:11)
  2 vampires
  4 wraiths
  4 wyverns
  30 yaks
  3 basilisks
  2 steam dragons
  5 vampire mosquitoes
  A swamp worm (Lair:6)
  11 water moccasins
  3 hell hounds (Lair:6)
  An ice beast (D:6)
  5 orc warriors
  2 sky beasts (D:7)
  A black bear (D:7)
  3 centaurs
  7 wolves (Lair:1)
  5 phantoms
  A kobold brigand (D:6)
  8 bullfrogs
  3 scorpions
  5 wights (D:9)
  A troll zombie (D:11)
  9 killer bees
  3 howler monkeys (D:9)
  3 lava snakes (Lair:6)
  4 jellies
  3 orc priests
  A gnoll shaman (D:8)
  A hound (D:4)
  2 iguanas
  8 orc wizards
  7 ogre zombies (D:11)
  7 adders
  14 gnolls
  A white imp (D:5)
  An ufetubus (D:5)
  A worm (D:5)
  A dart slug (D:3)
  35 orcs
  14 ball pythons
  10 endoplasms
  9 giant cockroaches
  10 goblins
  13 hobgoblins
  2 jackals (D:4)
  4 quokkas
  5 bats
  2 frilled lizards (D:1)
  A goblin zombie (D:11)
  2 hobgoblin skeletons (D:11)
  2 hobgoblin zombies (D:11)
  16 kobolds
  An orc skeleton (D:11)
  19 orc zombies (D:11)
  6 rats
395 creatures vanquished.

Vanquished Creatures (collateral kills)
  2 hydras
  4 death yaks (Lair:5)
  A lindwurm (Lair:6)
  An elephant (Lair:5)
  4 black mambas
  A torpor snail (Lair:4)
  2 molten gargoyles (Lair:6)
  4 komodo dragons
  8 cane toads
  An orange demon (Lair:2)
  A demonic crawler (Lair:6)
  A polar bear (Lair:6)
  12 blink frogs
  A slime creature (Lair:6)
  10 yaks
  3 wyverns (Lair:6)
  3 basilisks (Lair:6)
  A steam dragon (Lair:6)
  3 vampire mosquitoes
  A swamp worm (Lair:6)
  3 water moccasins
  A hell hound (Lair:6)
  An orc warrior (D:10)
  A phantom (D:7)
  6 bullfrogs
  3 killer bees
  A lava snake (Lair:6)
  2 orc priests (D:7)
  A jelly (Lair:6)
  An iguana (D:7)
  2 gnolls
  An adder (D:2)
  A worm (D:2)
  6 orcs
  An endoplasm (D:1)
  2 goblins (D:1)
  A frilled lizard (D:1)
  A rat (D:1)
  A fungus (Lair:5)
100 creatures vanquished.

Vanquished Creatures (others)
  2 death yak zombies (Lair:5)
  A swamp worm zombie (Lair:6)
  An acid dragon (D:10)
  6 cane toad zombies
  A lindwurm zombie (Lair:6)
  3 elephant zombies (Lair:5)
  8 blink frog zombies
  A manticore zombie (D:12)
  A rime drake zombie (Lair:1)
  3 komodo dragon zombies
  A wyvern zombie (Lair:6)
  A water moccasin zombie (Lair:2)
  9 yak zombies
  A wolf zombie (Lair:1)
  A bullfrog zombie (D:7)
  A lava snake (Lair:6)
  A basilisk zombie (Lair:6)
  An orc priest (D:10)
  2 howler monkey zombies (D:9)
  2 steam dragon zombies
  A lava snake zombie (Lair:6)
  2 orcs (D:10)
  4 gnoll zombies
  3 orc zombies
  4 bushes (Lair:6)
  51 fungi
  82 plants
194 creatures vanquished.

Grand Total: 689 creatures vanquished

Notes
Turn   | Place    | Note
-------+----------+-------------------------------------------
     0 | D:1      | Bruhh the Ogre Necromancer began the quest for the Orb.
     0 | D:1      | Reached XP level 1. HP: 16/16 MP: 3/3
   141 | D:1      | Found Oniatto's Distillery.
   212 | D:1      | Reached XP level 2. HP: 18/24 MP: 3/5
   539 | D:1      | Reached skill level 4 in Necromancy
   627 | D:1      | Reached XP level 3. HP: 29/31 MP: 4/7
  1022 | D:1      | Learned a level 3 spell: Vampiric Draining
  1368 | D:2      | Reached XP level 4. HP: 23/39 MP: 2/9
  1501 | D:2      | Found a hazy altar of Hepliaklqana.
  2357 | D:2      | Reached XP level 5. HP: 45/45 MP: 8/11
  2895 | D:3      | Found Macse's Jewellery Boutique.
  3245 | D:3      | Reached skill level 5 in Necromancy
  3283 | D:3      | You fall into a shaft and drop 2 floors!
  3283 | D:5      | Entered Level 5 of the Dungeon
  3527 | D:5      | Noticed a phantom
  3607 | D:3      | Reached skill level 5 in Spellcasting
  3727 | D:3      | Reached XP level 6. HP: 53/53 MP: 9/13
  3796 | D:3      | Found a faded altar of an unknown god.
  4155 | D:3      | Found a shimmering blue altar of Sif Muna.
  4164 | D:3      | Found an opulent altar of Gozag.
  4671 | D:4      | Gained mutation: You are weak. (Str -2) [potion of
                  | mutation]
  4671 | D:4      | Gained mutation: You are partially covered in large bone
                  | plates. (SH +4) [potion of mutation]
  4674 | D:4      | Reached XP level 7. HP: 40/59 MP: 15/15
  4807 | D:4      | Reached skill level 6 in Necromancy
  5128 | D:4      | Found a large runed translucent door.
  5134 | D:4      | Found a large runed translucent door.
  5652 | D:4      | Found an ancient bone altar of Kikubaaqudgha.
  5823 | D:4      | Became a worshipper of Kikubaaqudgha
  5833 | D:4      | Found a glowing silver altar of Zin.
  5906 | D:5      | Reached XP level 8. HP: 23/67 MP: 8/18
  6168 | D:5      | Found a stormy altar of Qazlal.
  6188 | D:5      | Identified the +8 spear "Vokludaa" {venom, Int+2}
  6188 | D:5      | Identified the +1 ring mail of Midsummer {rPois rN++
                  | Stlth-}
  6199 | D:5      | Noticed Sat's ghost (amateur DsGl)
  6249 | D:5      | Found a transporter.
  6262 | D:5      | Found a transporter.
  6332 | D:5      | Found a staircase to the Ecumenical Temple.
  6445 | D:5      | Reached skill level 7 in Necromancy
  6729 | D:6      | Found Boaliq's Assorted Antiques.
  7227 | D:6      | Noticed Maggie
  7867 | D:6      | Killed Maggie
  7868 | D:6      | Reached skill level 8 in Necromancy
  8160 | D:6      | Learned a level 4 spell: Animate Dead
  8166 | D:6      | Learned a level 5 spell: Agony
  8422 | D:7      | Reached XP level 9. HP: 50/74 MP: 1/21
  8649 | D:7      | Identified the amulet "Zehuroitoh" {RegenMP Will+}
  8871 | D:7      | Reached skill level 1 in Fighting
  8975 | D:7      | Reached skill level 9 in Necromancy
  8980 | D:7      | Identified the +5 mace "Waim" {flame, rElec rN+ Dex+4}
  9354 | D:7      | Found an iron altar of Okawaru.
 10058 | D:8      | Reached skill level 5 in Fighting
 10082 | D:8      | Found a shadowy altar of Dithmenos.
 10163 | D:8      | Found a staircase to the Lair.
 10396 | D:9      | Reached * piety under Kikubaaqudgha
 10396 | D:9      | Received a gift from Kikubaaqudgha
 10701 | D:9      | Reached XP level 10. HP: 105/107 MP: 23/23
 10754 | D:9      | Reached skill level 10 in Fighting
 10973 | D:9      | Found a glowing golden altar of the Shining One.
 11687 | D:9      | Reached skill level 1 in Shields
 11860 | Lair:1   | Entered Level 1 of the Lair of Beasts
 11965 | Lair:1   | Reached ** piety under Kikubaaqudgha
 12548 | Lair:1   | Reached skill level 5 in Shields
 12742 | Lair:1   | Noticed a cane toad
 12757 | Lair:1   | Killed a cane toad
 12758 | Lair:1   | Reached XP level 11. HP: 99/123 MP: 16/24
 13667 | Lair:2   | Noticed a six-headed hydra
 13679 | Lair:2   | Killed a six-headed hydra
 13680 | Lair:2   | Reached skill level 1 in Maces & Flails
 14727 | Lair:2   | Found a hole to the Spider Nest.
 15228 | Lair:2   | Noticed Amaemon
 15240 | Lair:2   | Reached skill level 5 in Maces & Flails
 15243 | Lair:2   | Killed Amaemon
 15251 | Lair:2   | Reached skill level 10 in Shields
 15251 | Lair:2   | Reached XP level 12. HP: 51/132 MP: 16/25
 15637 | Lair:2   | Found a blossoming altar of Fedhas.
 15811 | Lair:3   | Noticed a five-headed hydra
 15820 | Lair:3   | Killed a five-headed hydra
 15820 | Lair:3   | Reached *** piety under Kikubaaqudgha
 15820 | Lair:3   | Received a gift from Kikubaaqudgha
 16622 | Lair:3   | Noticed a seven-headed hydra
 16633 | Lair:3   | Killed a seven-headed hydra
 17035 | Lair:3   | Found a staircase to the Shoals.
 17690 | Lair:4   | Noticed a death yak
 17690 | Lair:4   | Noticed a death yak
 17772 | Lair:4   | Reached skill level 10 in Necromancy
 18175 | Lair:4   | Killed a death yak
 18181 | Lair:4   | Killed a death yak
 18368 | Lair:4   | Reached XP level 13. HP: 119/140 MP: 26/26
 19230 | Lair:5   | Reached skill level 11 in Necromancy
 19237 | Lair:5   | Reached **** piety under Kikubaaqudgha
 19866 | Lair:5   | Learned a level 6 spell: Death Channel
 20686 | Lair:6   | Entered Level 6 of the Lair of Beasts
 21394 | Lair:6   | Reached skill level 10 in Maces & Flails
 21396 | Lair:6   | Reached skill level 12 in Necromancy
 21712 | Lair:6   | Reached XP level 14. HP: 111/149 MP: 22/27
 21714 | Lair:6   | Found a staircase to the Slime Pits.
 21904 | Lair:6   | Reached skill level 13 in Necromancy
 21904 | Lair:6   | Reached skill level 1 in Earth Magic
 22602 | Lair:6   | Reached ***** piety under Kikubaaqudgha
 23238 | Lair:6   | Found a large runed translucent door.
 23239 | Lair:6   | Found a large runed translucent door.
 23466 | Lair:6   | Learned a level 5 spell: Borgnjor's Vile Clutch
 24336 | D:10     | Entered Level 10 of the Dungeon
 24818 | D:10     | Noticed Snorg
 24832 | D:10     | Killed Snorg
 25299 | D:10     | Reached skill level 1 in Armour
 25502 | D:10     | Found a basalt altar of Yredelemnul.
 25549 | D:10     | Noticed Maurice
 25556 | D:10     | Killed Maurice
 25589 | D:10     | Found a sacrificial altar of Ru.
 26197 | D:11     | Found Edar's Antique Armour Shop.
 26620 | D:11     | Found a staircase to the Orcish Mines.
 29418 | D:12     | Slain by a skeletal warrior

Illustrated notes

Levels and vault maps discovered:
D:1:      dpeg_arrival_prison, layout_basic, serial_shops, nicolae_shop_trees,
          minmay_octomino_e4
D:2:      layout_basic, kennysheep_flooded_box
D:3:      layout_basic, minitemple, shapermc_ecumenical_altar_mp_ritualfount,
          serial_shops, shop, minmay_snake_closets
D:4:      layout_cave_pods, jmf_multi_god_temple2
D:5:      layout_cave_pools, nicolae_overflow_crystal_walls,
          minmay_temple_entry_ruins, gammafunk_ghost_gnarly_gnolls
D:6:      layout_loops_ring, chequers_ossuary_entry_cave, nicolae_stop_n_shop_2,
          uniq_maggie
D:7:      layout_cave_pools, okawaru_trees_1, serial_co_window_serial,
          co_window_paths_a, co_window_corner_a, co_window_paths_a,
          co_window_of_opportunity_a, co_window_corner_a, co_window_cross_4,
          co_window_corner_cb, co_window_of_opportunity_c, co_window_corner_ca,
          co_window_of_opportunity_c, co_window_4corner_b, co_window_paths_d,
          glass_columns_a, glass_columns_a, glass_columns_a, glass_columns_a
D:8:      layout_loops_ring, lemuel_coloured_pillars_altar, lair_entry_dummy
D:9:      layout_basic, mainiacjoe_overflow_alcove_4, minmay_tree_intersection,
          nicolae_two_hexagons
D:10:     layout_gridville, nicolae_ru_awakened_eye, lemuel_doored_altar,
          lemuel_flamethrower_2, uniq_snorg, uniq_maurice
D:11:     layout_cross, zombieorc2_lemuel, serial_shops, shop
D:12:     layout_rooms
Lair:1:   layout_roguey, nicolae_volcano_entry_hallway,
          dreamdust_mushroom_princess
Lair:2:   layout_hall_layers, hellmonk_spider_entry_not_the_bees,
          nicolae_quartered_pool_impasse, hangedman_tree_tricks, uniq_amaemon
Lair:3:   layout_long_grid, minmay_shoals_entry_lonely_mermaid,
          minmay_hedge_maze
Lair:4:   layout_small_grid, basic_altar, lemuel_old_faithful
Lair:5:   layout_cave_pods, infiniplex_staircase_pool_2
Lair:6:   cheibrodos_lair_end_hotspot, layout_concentric_octagons,
          minmay_slime_entry_pillars, grunt_forest_small_clearings,
          st_stairs_10, chequers_serial_rivers_small_a, worms_lemuel

Skill      XL: |  1  2  3  4  5  6  7  8  9 10 11 12 13 14 |
---------------+-------------------------------------------+-----
Spellcasting   | 3 4 5 7 8 9 |  9.0
Necromancy     | 4 5 6 8 9 10 12 13 | 13.5
Fighting       | 9 12 | 12.0
Shields        | 6 10 11 12 | 12.0
Maces & Flails | 5 7 10 | 10.0
Earth Magic    | 4 |  4.0
Armour         | 4 |  4.6
Dodging        | |  1.7
Stealth        | |  1.4

Action                   |  1- 3 |  4- 6 |  7- 9 | 10-12 | 13-15 || total
-------------------------+-------+-------+-------+-------+-------++-------
Melee: Short sword       |    14 |    18 |       |       |       ||    32
       Unarmed           |     1 |       |       |       |       ||     1
       Mace              |       |    11 |    60 |   138 |       ||   209
       Dagger            |       |       |     8 |       |       ||     8
       Punch             |       |       |     2 |     1 |       ||     3
       Great mace        |       |       |    76 |       |       ||    76
       Demon whip        |       |       |       |   109 |   436 ||   545
 Cast: Necrotize         |    59 |   132 |    90 |    82 |    35 ||   398
       Vampiric Draining |       |     4 |    52 |   131 |    62 ||   249
       Animate Dead      |       |       |     4 |    10 |    11 ||    25
       Agony             |       |       |     4 |     7 |    15 ||    26
       Death Channel     |       |       |       |       |    18 ||    18
       Borgnjor's Vile C |       |       |       |       |    21 ||    21
Evoke: Wand              |       |       |     3 |    11 |     5 ||    19
  Use: Scroll            |       |     6 |     3 |     2 |    16 ||    27
       Potion            |       |     2 |     4 |     2 |    15 ||    23
 Stab: Distracted        |       |     1 |     2 |     1 |     4 ||     8
       Sleeping          |       |       |     1 |       |       ||     1
Armor: Robe              |    11 |    13 |    30 |       |       ||    54
       Steam dragon scal |       |       |    27 |   106 |    87 ||   220
Dodge: Dodged            |    19 |    38 |   124 |   157 |   142 ||   480
Block: Other             |       |       |    37 |    34 |       ||    71
       Kite shield       |       |       |       |   192 |   320 ||   512

Table legend: (Time is in decaauts)
 A = Elapsed time spent in this place.
 B = Non-inter-level travel time spent in this place.
 C = Inter-level travel time spent in this place.
 D = Time resting spent in this place.
 E = Time spent auto-exploring this place.
 F = Levels seen in this place.
 G = Mean time per level.
                   A        B        C        D        E       F      G
               +--------+--------+--------+--------+--------+-----+--------+
         Total |  29497 |  28133 |   1364 |   1505 |  22674 |  18 | 1638.7 |
       Dungeon |  17165 |  16393 |    772 |   1133 |  12867 |  12 | 1430.4 |
          Lair |  12332 |  11740 |    592 |    372 |   9806 |   6 | 2055.3 |
               +--------+--------+--------+--------+--------+-----+--------+

Top non-repeatable levels by time:
  Lair:6: 3207 daAuts
  Lair:5: 2248 daAuts
  Lair:1: 2154 daAuts
     D:9: 2120 daAuts
    D:11: 1997 daAuts
  Lair:2: 1903 daAuts
    D:10: 1662 daAuts
     D:4: 1649 daAuts
  Lair:3: 1534 daAuts
     D:2: 1465 daAuts
     D:6: 1352 daAuts
     D:3: 1337 daAuts
  Lair:4: 1283 daAuts
     D:7: 1283 daAuts
     D:5: 1244 daAuts
